 Dungeon Crawl Stone Soup version 0.31-a0-208-gdb31a4691d (webtiles) character file.

Game seed: 15918948009516379014

396 frimble the Grasshopper (level 6, 0/42 HPs)
             Began as an Octopode Warper on June 29, 2023.
             Killed by nerve-wracking pain
             ... invoked by an orc priest
              (16 damage)
             ... on level 5 of the Dungeon.
             The game lasted 00:03:13 (2511 turns).

frimble the Grasshopper (Octopode Warper)           Turns: 2511, Time: 00:03:13

Health: 0/42       AC:  1    Str: 10    XL:     6   Next: 83%
Magic:  9/9        EV: 19    Int: 21    God:
Gold:   202        SH:  0    Dex: 18    Spells: 7/9 levels left

rFire   + + .        b - +8 sling of Athomip {heavy, rF++ Int+4 Stlth+}
rCold   . . .        (no shield)
rNeg    . . .        (helmet restricted)
rPois   +            v - amulet of the Endless Expanse {Harm *Slow rElec rPois Regen+}
rElec   +            h - +6 ring of dexterity
rCorr   .            r - +5 ring of evasion
SInv    .            (no ring)
Will    .....        (no ring)
Stlth   +++++        (no ring)
HPRegen 1.07/turn    (no ring)
MPRegen 0.11/turn    (no ring)
                     (no ring)

%: slow self (1%), harm (+30% outgoing, +20% incoming)
@: no status effects
A: almost no armour, amphibious, 8 rings, camouflage 1, gelatinous body 1,
(nimble swimmer 1), tentacles
a: no special abilities


You were on level 5 of the Dungeon.
You visited 1 branch of the dungeon, and saw 5 of its levels.

You collected 202 gold pieces.

Inventory:

Hand Weapons
 a - a +1 dagger of venom
 b - the +8 sling of Athomip (weapon) {heavy, rF++ Int+4 Stlth+}
   (You found it on level 2 of the Dungeon)

   Int:       It affects your intelligence (+4).
   rF:        It greatly protects you from fire.
   Stlth:     It makes you more stealthy.
Missiles
 c - 7 boomerangs of dispersal
Jewellery
 h - a +6 ring of dexterity (left tentacle)
 r - a +5 ring of evasion (right tentacle)
 v - the amulet of the Endless Expanse (around mantle) {Harm *Slow rElec rPois Regen+}
   (You found it on level 4 of the Dungeon)

   [amulet of regeneration]

   rElec:     It insulates you from electricity.
   rPois:     It protects you from poison.
   Regen:     It increases your rate of health regeneration.
   *Slow:     It may slow you when you take damage.
   Harm:      It increases damage dealt and taken.
 x - a +6 ring of strength
Wands
 o - a wand of paralysis (4)
 p - a wand of flame (30)
Scrolls
 d - 2 scrolls of vulnerability {unknown}
 g - 3 scrolls of blinking
 i - a scroll of torment {unknown}
 j - 4 scrolls of identify
 l - a scroll of revelation
 m - 2 scrolls of enchant armour {unknown}
 s - 3 scrolls of teleportation
 w - a scroll of noise {unknown}
 y - a scroll of fog {unknown}
Potions
 e - a potion of heal wounds {unknown}
 f - a potion of mutation
 k - a potion of resistance {unknown}
 n - a potion of lignification {unknown}
 q - a potion of haste {unknown}
 t - a potion of berserk rage {unknown}
 u - a potion of degeneration {unknown}
 z - a potion of curing {unknown}


   Skills:
 + Level 3.4 Fighting
 - Level 3.4 Short Blades
 * Level 3.0 Ranged Weapons
 - Level 1.0 Throwing
 - Level 2.3 Dodging
 - Level 4.0 Stealth
 - Level 2.0 Spellcasting
 + Level 4.2 Translocations


You had 7 spell levels left.
You knew the following spells:

 Your Spells              Type           Power      Damage    Failure   Level
a - Blink                 Tloc           38%        N/A       4%          2

Your spell library contained the following spells:

 Spells                   Type           Power      Damage    Failure   Level
 Lesser Beckoning         Tloc           38%        N/A       4%          2
 Teleport Other           Tloc           19%        N/A       8%          3
 Vhi's Electric Charge    Tloc/Air       20%        N/A       19%         3
 Manifold Assault         Tloc           19%        N/A       26%         4


Dungeon Overview and Level Annotations

Branches:
Dungeon (5/15)
 Temple: D:4-7

Altars:

Shops:
D:4 [


Innate Abilities, Weirdness & Mutations

You cannot wear most types of armour.
You are amphibious.
You can wear up to eight rings at the same time.
Your skin changes colour to match your surroundings (Stealth+).
Your rubbery body absorbs attacks. (AC +1, EV +1)
((You are camouflaged when in or above water. (Stealth+)))
You have tentacles for arms and can constrict up to eight enemies at once.


Message History

The orc shouts!
The sling bullet hits the orc.
The orc is lightly wounded.
An orc comes into view. It is wielding a +0 dagger.
An orc priest comes into view. It is wielding a +0 trident.
You shoot a sling bullet. The orc shouts!
The sling bullet hits the orc!
You kill the orc!
You hear a shout!
An orc comes into view. It is wielding a +0 whip.
You shoot a sling bullet. The orc shouts!
The sling bullet hits the orc!
You kill the orc!
You hear a shout!
An orc priest comes into view. It is wielding a +0 mace.
An orc wizard comes into view. It is wielding a +2 dagger of venom.
The orc priest mumbles some strange prayers to Beogh against you.
Beogh smites you!
The orc wizard gestures at you while chanting.
The magic dart hits you.
An orc comes into view.
It is wielding a +1 short sword of venom.
The orc priest moves out of view.
You are too injured to fight recklessly!
You are too injured to fight recklessly!
You are too injured to fight recklessly!
You are too injured to fight recklessly!
You are too injured to fight recklessly!
You are too injured to fight recklessly!
You are too injured to fight recklessly!
You are too injured to fight recklessly!
You are too injured to fight recklessly!
There is a stone staircase leading down here.
The orc priest calls down the wrath of Beogh upon you.
Beogh smites you!
There is a stone staircase leading up here.
The orc priest invokes the aid of Beogh against you.
Pain shoots through your body!
You die...

#.## #
#..##.#
##.o#.#####
##o.......
###..#######
#......#
#>.^...#
#......#
#@.....#
########


You could see an orc priest and an orc.

Vanquished Creatures
  Edmund (D:4)
  A bullfrog (D:4)
  A jelly (D:4)
  An orc priest (D:3)
  Robin (D:3)
  4 adders
  4 worms
  A dart slug (D:1)
  6 orcs
  5 ball pythons
  7 bats
  5 endoplasms
  A giant cockroach (D:4)
  17 goblins
  8 hobgoblins
  6 jackals
  7 quokkas
  4 frilled lizards
  3 kobolds
  8 rats
91 creatures vanquished.

Notes
Turn   | Place    | Note
-------+----------+-------------------------------------------
     0 | D:1      | frimble the Octopode Warper began the quest for the Orb.
     0 | D:1      | Reached XP level 1. HP: 14/14 MP: 3/3
    74 | D:1      | Reached XP level 2. HP: 11/19 MP: 5/5
   550 | D:1      | Reached skill level 1 in Stealth
   553 | D:1      | Reached XP level 3. HP: 16/24 MP: 6/6
   616 | D:1      | Learned a level 2 spell: Blink
   655 | D:2      | Identified the +8 sling of Athomip {heavy, rF++ Int+4
                  | Stlth+}
   873 | D:2      | Reached XP level 4. HP: 29/29 MP: 7/7
  1139 | D:3      | Reached skill level 1 in Ranged Weapons
  1226 | D:3      | Reached XP level 5. HP: 33/35 MP: 8/8
  1319 | D:3      | Noticed Robin
  1321 | D:3      | Killed Robin
  1961 | D:4      | Identified the amulet of the Endless Expanse {Harm *Slow
                  | rElec rPois Regen+}
  1973 | D:4      | Noticed Edmund
  1977 | D:4      | Killed Edmund
  1978 | D:4      | Reached XP level 6. HP: 42/42 MP: 9/9
  2102 | D:4      | Found a transporter.
  2105 | D:4      | Found Onagam's Armour Shoppe.
  2422 | D:4      | Found a transporter.
  2490 | D:5      | Entered Level 5 of the Dungeon
  2511 | D:5      | Killed from afar by an orc priest

Illustrated notes

Levels and vault maps discovered:
D:1:      roderic_chinese_lattice_arrival, layout_basic
D:2:      layout_rooms
D:3:      layout_basic, uniq_robin
D:4:      nicolae_cairo_tiling_very_big, layout_cave_pools, serial_shops,
          nicolae_shop_drivethru, uniq_edmund
D:5:      layout_rooms, hangedman_decor_slide_cut, kennysheep_generic_room_15,
          uniq_menkaure

Skill      XL: |  1  2  3  4  5  6 |
---------------+-------------------+-----
Short Blades   | 3 |  3.4
Stealth        | 1 2 3 4 |  4.0
Ranged Weapons | 1 2 3 |  3.0
Fighting       | 3 |  3.4
Translocations | 4 |  4.2
Throwing       | |  1.0
Dodging        | |  2.3
Spellcasting   | |  2.0

Action                     |  1- 3 |  4- 6 || total
---------------------------+-------+-------++-------
  Melee: Short sword       |    27 |       ||    27
         Constrict         |    13 |       ||    13
         Tentacles         |    13 |       ||    13
         Punch             |     1 |       ||     1
         Dagger            |    29 |       ||    29
   Fire: Sling             |    17 |    91 ||   108
    Use: Scroll            |     3 |       ||     3
   Stab: Sleeping          |     1 |       ||     1
 Armour: Skin              |    12 |     1 ||    13
  Dodge: Dodged            |    48 |    21 ||    69

Table legend: (Time is in decaauts)
 A = Elapsed time spent in this place.
 B = Non-inter-level travel time spent in this place.
 C = Inter-level travel time spent in this place.
 D = Time resting spent in this place.
 E = Time spent auto-exploring this place.
 F = Levels seen in this place.
 G = Mean time per level.
                   A        B        C        D        E       F      G
               +--------+--------+--------+--------+--------+-----+--------+
         Total |   2605 |   2510 |     95 |      0 |   2033 |   5 |  521.0 |
       Dungeon |   2605 |   2510 |     95 |      0 |   2033 |   5 |  521.0 |
               +--------+--------+--------+--------+--------+-----+--------+

Top non-repeatable levels by time:
     D:3: 896 daAuts
     D:1: 616 daAuts
     D:4: 550 daAuts
     D:2: 517 daAuts
     D:5: 23 daAuts
